 Dungeon Crawl Stone Soup version 0.24-a0-778-g74da537585 (webtiles) character file.

Game seed: 6796164734979118736, levelgen mode: deterministic

731 AarnesTheHuman the Stinger (level 7, 0/53 HPs)
             Began as a Merfolk Venom Mage on Oct 6, 2019.
             Slain by an ice beast (5 damage)
             ... on level 5 of the Dungeon on Oct 7, 2019.
             The game lasted 00:19:53 (5617 turns).

AarnesTheHuman the Stinger (Merfolk Venom Mage)     Turns: 5617, Time: 00:19:54

Health: 0/53       AC:  2    Str: 10    XL:     7   Next: 73%
Magic:  12/12      EV: 15    Int: 17    God:
Gold:   316        SH:  0    Dex: 14    Spells: 6/12 levels left

rFire    . . .     SeeInvis .   A - +0 trident
rCold    . . .     Gourm    .   (no shield)
rNeg     . . .     Faith    .   a - +0 robe
rPois    .         Spirit   .   (no helmet)
rElec    .         Reflect  .   (no cloak)
rCorr    .         Harm     .   (no gloves)
MR       .....                  (no boots)
Stlth    ++........             (no amulet)
HPRegen  0.17/turn              x - +2 ring of intelligence
MPRegen  0.13/turn              (no ring)

@: no status effects
A: change form in water, swift swim, stealthy swim
a: no special abilities


You were on level 5 of the Dungeon.
You were not hungry.

You visited 1 branch of the dungeon, and saw 5 of its levels.

You collected 316 gold pieces.

Inventory:

Hand Weapons
 e - a +0 club
 o - a +0 dagger
 A - a +0 trident (weapon)
Armour
 a - a +0 robe (worn)
 g - a +0 hat
 w - a +0 pair of gloves
 B - a +0 scale mail
Jewellery
 k - an uncursed ring of resist corrosion {unknown}
 r - a cursed -3 ring of slaying {unknown}
 x - a +2 ring of intelligence (left hand)
Wands
 u - a wand of scattershot (4)
 y - a wand of iceblast (11)
Scrolls
 f - 2 scrolls of teleportation {unknown}
 h - 4 scrolls of identify {unknown}
 l - 4 scrolls of enchant weapon {unknown}
 m - 3 scrolls of magic mapping {unknown}
 p - a scroll of fear {unknown}
 t - a scroll of noise {unknown}
 v - 4 scrolls of remove curse {unknown}
 z - a scroll of immolation {unknown}
 C - 2 scrolls of enchant armour {unknown}
Potions
 b - 4 potions of curing {unknown}
 d - a potion of flight {unknown}
 i - 3 potions of heal wounds {unknown}
 j - a potion of haste {unknown}
 n - 2 potions of magic {unknown}
 q - a potion of might {unknown}
 s - a potion of brilliance {unknown}
 D - a potion of resistance {unknown}
Comestibles
 c - 11 rations


   Skills:
 + Level 3.8 Fighting
 + Level 2.7 Polearms
 - Level 0.7 Armour
 + Level 5.2 Dodging
 - Level 2.1 Stealth
 - Level 3.4 Spellcasting
 - Level 2.4 Conjurations
 + Level 5.4 Poison Magic


You had 6 spell levels left.
You knew the following spells:

 Your Spells              Type           Power        Failure   Level  Hunger
a - Sting                 Conj/Pois      ###.         3%          1    None
b - Poisonous Vapours     Pois/Air       ##....       9%          2    ##.....
c - Mephitic Cloud        Conj/Pois/Air  ##......     17%         3    ###....

Your spell library contained the following spells:

 Spells                   Type           Power        Failure   Level  Hunger
 Olgreb's Toxic Radiance  Pois           ###.....     19%         4    ####...
 Venom Bolt               Conj/Pois      ###.......   65%         5    ######.


Dungeon Overview and Level Annotations

Branches:
Dungeon (5/15)
 Temple: D:4-7

Altars:
Fedhas
Zin

Shops:
D:5 :

Annotations:
D:4 Grinder


Message History

The ice beast closely misses you.
You hit the ice beast.
The ice beast is severely wounded.
The ice beast misses you.
You hit the ice beast.
The ice beast is almost dead.
The ice beast barely misses you. x2
You closely miss the ice beast.
The ice beast is almost dead.
The ice beast hits you but does no damage.
You hit the ice beast.
The ice beast is almost dead.
The ice beast hits you. The ice beast freezes you!
* * * LOW HITPOINT WARNING * * *
You closely miss the ice beast.
The ice beast is almost dead.
The ice beast hits you.
* * * LOW HITPOINT WARNING * * *
The ice beast freezes you.
You die...

## .# ### .
..# # #.
#.#.#
#.##.#.####
#....Y....#
#.@# #|.###
#....# #
#.##.##.#
#.......#
####.####
#..# #.##
#.#


You could see an ice beast.

Vanquished Creatures
  Sigmund (D:5)
  An ice beast (D:5)
  A scorpion (D:5)
  A howler monkey (D:5)
  3 crimson imps
  2 orc priests (D:4)
  An orc wizard (D:4)
  A worker ant (D:4)
  A howler monkey zombie (D:5)
  3 gnolls (D:2)
  3 adders
  An adder skeleton (D:4)
  3 worms
  A dart slug (D:3)
  5 leopard geckos
  15 orcs
  6 giant cockroaches
  7 goblins
  7 hobgoblins
  12 jackals
  2 quokkas (D:2)
  11 bats
  4 frilled lizards
  4 kobolds
  6 rats
102 creatures vanquished.

Notes
Turn   | Place    | Note
-------+----------+-------------------------------------------
     0 | D:1      | AarnesTheHuman the Merfolk Venom Mage began the quest for
                  | the Orb.
     0 | D:1      | Reached XP level 1. HP: 13/13 MP: 3/3
   346 | D:1      | Reached XP level 2. HP: 20/20 MP: 1/5
   353 | D:1      | Learned a level 2 spell: Poisonous Vapours
   400 | D:1      | Reached skill level 1 in Conjurations
   802 | D:1      | Reached XP level 3. HP: 25/25 MP: 3/6
   824 | D:1      | Reached skill level 1 in Fighting
  1181 | D:2      | Found a blossoming altar of Fedhas.
  1396 | D:2      | Reached XP level 4. HP: 26/32 MP: 0/7
  1534 | D:2      | Learned a level 3 spell: Mephitic Cloud
  1875 | D:2      | Found a glowing silver altar of Zin.
  1875 | D:2      | Noticed an angel
  2504 | D:3      | Reached XP level 5. HP: 38/38 MP: 3/8
  3323 | D:4      | Noticed Grinder
  3705 | D:4      | Reached XP level 6. HP: 31/46 MP: 2/10
  4711 | D:4      | Paralysed by Grinder for 6 turns
  4945 | D:5      | Entered Level 5 of the Dungeon
  5009 | D:5      | Reached XP level 7. HP: 49/52 MP: 8/12
  5033 | D:5      | Found Fivvus's Book Emporium.
  5036 | D:5      | Upgraded the game from 0.24-a0-769-g368c1644f8 to
                  | 0.24-a0-778-g74da537585
  5087 | D:5      | Reached skill level 5 in Poison Magic
  5185 | D:5      | Noticed Sigmund
  5195 | D:5      | Killed Sigmund
  5195 | D:5      | Reached skill level 5 in Dodging
  5617 | D:5      | Slain by an ice beast

Levels and vault maps discovered:
D:1:      lemuel_arrival_behind_the_door_small, layout_basic
D:2:      layout_loops_corners, zin_angel, fedhas_altar_2
D:3:      layout_basic, minmay_quadrilaterals
D:4:      layout_cave_pools, minmay_fire_ice_demons, uniq_grinder
D:5:      layout_loops_cross, serial_shops, shop, first_ration, uniq_sigmund

Skill      XL: |  1  2  3  4  5  6  7 |
---------------+----------------------+-----
Conjurations   | 1 2 |  2.4
Dodging        | 3 4 5 |  5.2
Fighting       | 1 2 3 |  3.8
Poison Magic   | 4 5 |  5.4
Spellcasting   | 3 |  3.4
Polearms       | 2 |  2.7
Armour         | |  0.7
Stealth        | |  2.1

Action                   |  1- 3 |  4- 6 |  7- 9 || total
-------------------------+-------+-------+-------++-------
Melee: Club              |    44 |       |       ||    44
       Unarmed           |     2 |       |       ||     2
       Dagger            |    10 |    86 |       ||    96
       Trident           |       |    69 |    53 ||   122
 Cast: Sting             |    23 |    34 |     5 ||    62
       Poisonous Vapours |    25 |    55 |     4 ||    84
 Stab: Sleeping          |     1 |       |     1 ||     2
  Eat: Chunk             |     4 |    15 |     2 ||    21
Armor: Robe              |     9 |    17 |     4 ||    30
Dodge: Dodged            |    53 |    97 |    37 ||   187

Table legend:
 A = Non-vault XP
 B = Vault XP
 C = Vault XP percentage of total XP
 D = Non-vault monster count
 E = Vault monster count
 F = Vault count percentage of total count
                 A         B        C        D         E       F
            +---------+---------+-------+---------+---------+-------
      Total |     760 |     285 |  27.3 |      95 |       7 |   6.9
            +---------+---------+-------+---------+---------+-------
        D:1 |      44 |       0 |   0.0 |      25 |       0 |   0.0
        D:2 |      96 |       0 |   0.0 |      20 |       0 |   0.0
        D:3 |      58 |      12 |  17.1 |      22 |       5 |  18.5
        D:4 |     197 |      50 |  20.2 |      20 |       1 |   4.8
        D:5 |     365 |     223 |  37.9 |       8 |       1 |  11.1
            +---------+---------+-------+---------+---------+-------
